 Dungeon Crawl Stone Soup version 0.22.0-38-g04b72b8 (webtiles) character file.

5285 Lew the Envoy of Void (level 10, -6/76 HPs)
             Began as a Demonspawn Abyssal Knight on Aug 29, 2018.
             Was a High Priest of Lugonu.
             Killed from afar by Erolcha (21 damage)
             ... with an orb of energy
             ... on level 9 of the Dungeon.
             The game lasted 00:30:17 (9080 turns).

Lew the Envoy of Void (Demonspawn Abyssal Knight)   Turns: 9080, Time: 00:30:20

Health: -6/76      AC: 10    Str: 16    XL:     10   Next: 37%
Magic:  15/15      EV: 15    Int: 11    God:    Lugonu [*****.]
Gold:   587        SH: 10    Dex: 24    Spells: 9/9 levels left

rFire    + + .     SeeInvis +   d - +0 dagger of the Eternal Warrior {flame, rPois rC+++ Int-2 Dex+2}
rCold    + + +     Gourm    .   p - +3 buckler
rNeg     + . .     Faith    +   g - +3 ring mail of the Ward {*Corrode rF+ rN+ SInv}
rPois    +         Spirit   .   (helmet restricted)
rElec    .         Reflect  .   (no cloak)
rCorr    .         Harm     .   f - +0 pair of gloves
MR       .....                  (no boots)
Stlth    ++........             k - amulet of Scepticism {Faith Dex+3 Stlth+}
HPRegen  0.22/turn              s - +6 ring of dexterity
MPRegen  0.14/turn              y - ring of protection from fire

@: no status effects
A: claws 2, hooves 1, horns 2, cold resistance 1, demonic guardian 1, evolution
1
a: Depart the Abyss, Bend Space, Banish, Corrupt, Enter the Abyss, Renounce
Religion


You were on level 9 of the Dungeon.
You worshipped Lugonu.
Lugonu was extremely pleased with you.
You were hungry.

You visited 1 branch of the dungeon, and saw 9 of its levels.
You visited the Abyss 1 time.

You collected 587 gold pieces.

Inventory:

Hand Weapons
 a - a +3 falchion
 d - the +0 dagger of the Eternal Warrior (weapon) {flame, rPois rC+++ Int-2 Dex+2}
   (You found it on level 8 of the Dungeon)

   It has been specially enchanted to burn those struck by it, causing extra
   injury to most foes and up to half again as much damage against particularly
   susceptible opponents.
   It affects your intelligence (-2).
   It affects your dexterity (+2).
   It renders you almost immune to cold.
   It protects you from poison.
Armour
 f - a +0 pair of gloves (worn)
 g - the +3 ring mail of the Ward (worn) {*Corrode rF+ rN+ SInv}
   (You found it on level 8 of the Dungeon)

   It protects you from fire.
   It protects you from negative energy.
   It lets you see invisible.
   It may corrode you when you take damage.
 h - a +0 helmet
 p - a +3 buckler (worn)
 u - a +2 ring mail of poison resistance
Jewellery
 k - the amulet of Scepticism (around neck) {Faith Dex+3 Stlth+}
   (You found it on level 6 of the Dungeon)

   [amulet of faith]

   It allows you to gain divine favour quickly.
   It affects your dexterity (+3).
   It makes you more stealthy.
 s - a +6 ring of dexterity (left hand)
 y - a ring of protection from fire (right hand)
Wands
 i - a wand of flame (40)
 l - a wand of polymorph (1)
 z - a wand of paralysis (10)
 A - a wand of acid (13)
Scrolls
 e - 3 scrolls of amnesia
 j - 5 scrolls of teleportation
 x - a scroll of noise
 B - a scroll of remove curse
Potions
 b - a potion of flight
 m - 9 potions of curing
 n - a potion of agility
 q - a potion of brilliance
 r - a potion of cancellation
 v - 2 potions of might
 w - a potion of resistance
Comestibles
 c - 16 rations


   Skills:
 + Level 6.2 Fighting
 * Level 2.9(3.3) Short Blades
 - Level 2.3(3.1) Long Blades
 + Level 5.6 Armour
 * Level 5.8 Dodging
 + Level 5.7 Shields
 + Level 6.0 Unarmed Combat
 * Level 7.9 Invocations


You had 9 spell levels left.
You didn't know any spells.
Your spell library contained the following spells:

 Spells                   Type           Power        Failure   Level  Hunger
 Corona                   Hex            #......      54%         1    ##.....
 Magic Dart               Conj           #...         54%         1    ##.....
 Sandblast                Erth           #.....       54%         1    ##.....
 Passwall                 Tmut/Erth      #.......     67%         2    ###....
 Searing Ray              Conj           #.....       67%         2    ###....
 Slow                     Hex            #.......     67%         2    ###....
 Dazzling Spray           Conj/Hex       #.....       88%         3    ####...
 Inner Flame              Hex/Fire       #.......     88%         3    ####...
 Portal Projectile        Hex/Tloc       #.....       88%         3    ####...
 Stone Arrow              Conj/Erth      #.....       88%         3    ####...
 Cause Fear               Hex            #.........   99%         4    #####..
 Force Lance              Conj/Tloc      #.......     99%         4    #####..
 Fulminant Prism          Conj/Hex       #.........   99%         4    #####..
 Iskenderun's Mystic Bla  Conj           #.......     99%         4    #####..
 Leda's Liquefaction      Hex/Erth       #.........   99%         4    #####..
 Petrify                  Tmut/Erth      #.......     99%         4    #####..
 Lee's Rapid Deconstruct  Erth           #.........   100%        5    ######.


Dungeon Overview and Level Annotations

Branches:
Dungeon (9/15)             Temple (0/1) D:4
   Lair: D:8-11         Orc: D:9-12

Altars:
Elyvilon
Kikubaaqudgha
Makhleb
Nemelex Xobeh
Okawaru
Qazlal
Ru
Sif Muna
Trog
Vehumet

Shops:
D:7 }

Annotations:
D:9 Erolcha


Innate Abilities, Weirdness & Mutations

You have very sharp fingernails.
You have large cloven feet.
You have a pair of horns on your head.
Your flesh is cold resistant. (rC+)
A weak demonic guardian rushes to your aid.
You evolve.


Message History

You are too injured to fight recklessly!
You are too injured to fight recklessly!
You are too injured to fight recklessly!
You are too injured to fight recklessly!
You are too injured to fight recklessly!
You are too injured to fight recklessly!
You are too injured to fight recklessly!
You are too injured to fight recklessly!
You are too injured to fight recklessly!
You are too injured to fight recklessly!
You are too injured to fight recklessly!
You are too injured to fight recklessly!
You are too injured to fight recklessly!
You hit Erolcha but do no damage. Your kick misses Erolcha.
You headbutt Erolcha.
Erolcha is almost dead.
Your iron imp hits Erolcha!
Erolcha points at you and mumbles some strange words.
The orb of energy hits you!
You die...

#.<...'.####.......'.............
#.....#.††##..#############.#####
#.....###..'..#....# #..# #.....#
####).#....# #.## ###+###
#..#....# #.# ##o# ##'#†#### #.#
#..# #....# #.# ##h####
###'###### #.# .h[...# #.....O@.#
#.#
#.###.####.....55.########+#####
.Y#...##.'........'....#.......##
#####.#..#........####.'.......##
o...#.#.##........# #.......'.
###.#.#.##....(...# #.......##
..#.).#.##........# #....†).#
#####.'.##........# #.......#
#...#.####........# #####'###


You could see Erolcha and 2 friendly iron imps.

Vanquished Creatures
  A troll (D:9)
  A queen bee (D:9)
  A merfolk (D:9)
  Sigmund (D:6)
  A wraith (D:8)
  6 yaks (D:9)
  A hungry ghost (D:8)
  2 black bears (D:7)
  3 sky beasts
  2 phantoms
  An ice beast (D:5)
  2 orc warriors
  3 ogres
  A centaur (D:9)
  2 bullfrogs
  4 scorpions
  11 killer bees (D:9)
  3 howler monkeys
  3 crimson imps
  An orc priest (D:4)
  A jelly (D:7)
  A quasit (D:8)
  A bullfrog skeleton (D:6)
  6 hounds
  2 centaur skeletons
  5 orc wizards
  3 iguanas
  7 worker ants
  2 hound zombies
  A worker ant zombie (D:5)
  Robin (D:3)
  A howler monkey skeleton (D:3)
  9 adders
  7 shadow imps
  2 worms (D:3)
  4 dart slugs
  6 leopard geckos
  7 orcs
  2 ball pythons
  9 bats
  5 giant cockroaches
  11 goblins
  10 hobgoblins
  12 jackals
  2 kobolds (D:1)
  A quokka (D:6)
  3 frilled lizards
  2 giant cockroach zombies (D:5)
  A leopard gecko skeleton (D:5)
  A quokka skeleton (D:9)
  9 rats
184 creatures vanquished.

Vanquished Creatures (collateral kills)
  Menkaure (D:4)
  A sky beast (D:8)
  A phantom (D:4)
  A necrophage (D:5)
  An ogre (D:8)
  A scorpion (D:6)
  A howler monkey (D:8)
  A hound (D:4)
  Terence (D:2)
  An adder (D:7)
  3 orcs
  A jackal (D:9)
14 creatures vanquished.

Vanquished Creatures (others)
  A jackal (D:9)
1 creature vanquished.

Grand Total: 199 creatures vanquished

Notes
Turn   | Place    | Note
-------+----------+-------------------------------------------
     0 | Abyss:1  | Lew the Demonspawn Abyssal Knight began the quest for the Orb.
     0 | Abyss:1  | Reached XP level 1. HP: 18/18 MP: 2/2
    33 | Abyss:2  | Noticed an orange demon
    52 | D:1      | Escaped the Abyss
    82 | D:1      | Reached skill level 1 in Dodging
   127 | D:1      | Reached * piety under Lugonu
   157 | D:1      | Gained mutation: You have a pair of small horns on your head. [demonic ancestry]
   157 | D:1      | Reached XP level 2. HP: 15/24 MP: 4/4
   590 | D:1      | Reached skill level 3 in Invocations
   590 | D:1      | Gained mutation: A weak demonic guardian rushes to your aid. [demonic ancestry]
   590 | D:1      | Reached XP level 3. HP: 24/29 MP: 5/5
  1084 | D:2      | Found an ancient bone altar of Kikubaaqudgha.
  1225 | D:2      | Reached ** piety under Lugonu
  1267 | D:2      | Gained mutation: You have sharp fingernails. [demonic ancestry]
  1267 | D:2      | Reached XP level 4. HP: 32/35 MP: 6/6
  1272 | D:2      | Found a sacrificial altar of Ru.
  1427 | D:2      | Noticed Terence
  1439 | D:2      | Killed Terence
  1970 | D:3      | Gained mutation: You have large cloven feet. [demonic ancestry]
  1970 | D:3      | Reached XP level 5. HP: 39/42 MP: 7/7
  2003 | D:3      | Reached skill level 1 in Unarmed Combat
  2454 | D:3      | Noticed Robin
  2474 | D:3      | Killed Robin
  2717 | D:3      | Reached *** piety under Lugonu
  3078 | D:3      | Gained mutation: You evolve. [potion of mutation]
  3078 | D:3      | Gained mutation: You have a pair of horns on your head. [potion of mutation]
  3095 | D:4      | Noticed Menkaure
  3314 | D:4      | Reached skill level 4 in Invocations
  3323 | D:4      | Killed Menkaure
  3323 | D:4      | Reached skill level 1 in Shields
  3323 | D:4      | Reached XP level 6. HP: 23/48 MP: 9/9
  3504 | D:4      | Found a staircase to the Ecumenical Temple.
  3577 | D:4      | Gained mutation: Your flesh is cold resistant. (rC+) [demonic ancestry]
  3577 | D:4      | Reached XP level 7. HP: 35/54 MP: 10/10
  3789 | D:4      | Found a radiant altar of Vehumet.
  3789 | D:4      | Found a burning altar of Makhleb.
  4060 | D:5      | Entered Level 5 of the Dungeon
  4252 | D:5      | Found an iron altar of Okawaru.
  4351 | D:5      | Reached skill level 5 in Invocations
  4639 | D:5      | Gained mutation: You have very sharp fingernails. [demonic ancestry]
  4639 | D:5      | Reached XP level 8. HP: 58/61 MP: 11/11
  5012 | D:6      | Got a coiled amethyst amulet
  5216 | D:6      | Identified the amulet of Scepticism {Faith Dex+3 Stlth+} (You found it on level 6 of the Dungeon)
  5244 | D:6      | Noticed Sigmund
  5255 | D:6      | Killed Sigmund
  5255 | D:6      | Reached skill level 5 in Fighting
  5394 | D:7      | Gained mutation: You have supernaturally acute eyesight. (SInv) [evolution]
  5518 | D:7      | Found a bloodstained altar of Trog.
  5527 | D:7      | Reached **** piety under Lugonu
  5730 | D:7      | Reached skill level 6 in Invocations
  5905 | D:7      | Found a sparkling altar of Nemelex Xobeh.
  6235 | D:7      | Found Suwat's Gadget Emporium.
  6312 | D:7      | Reached XP level 9. HP: 61/68 MP: 13/13
  6481 | D:8      | Got a scorched dagger
  6589 | D:8      | Got a faintly glowing ring mail
  6625 | D:8      | Reached skill level 5 in Unarmed Combat
  6668 | D:8      | Reached skill level 5 in Shields
  6940 | D:8      | Reached skill level 5 in Armour
  7031 | D:8      | Found a deep blue altar of Sif Muna.
  7042 | D:8      | Found a stormy altar of Qazlal.
  7054 | D:8      | Found a white marble altar of Elyvilon.
  7326 | D:8      | Identified the +3 ring mail of the Ward {*Corrode rF+ rN+ SInv} (You found it on level 8 of the Dungeon)
  7326 | D:8      | Identified the cursed +0 dagger of the Eternal Warrior {flame, rPois rC+++ Int-2 Dex+2} (You found it on level 8 of the Dungeon)
  7362 | D:9      | Reached ***** piety under Lugonu
  7474 | D:9      | Reached skill level 1 in Short Blades
  7474 | D:9      | Reached skill level 5 in Dodging
  7497 | D:9      | Noticed a merfolk
  7514 | D:9      | Killed a merfolk
  7677 | D:9      | Reached skill level 7 in Invocations
  7783 | D:9      | Noticed a troll
  7796 | D:9      | Killed a troll
  7949 | D:9      | Reached XP level 10. HP: 64/76 MP: 15/15
  8642 | D:9      | Noticed Erolcha
  8647 | D:9      | Paralysed by Erolcha for 2 turns
  9047 | D:9      | Lost mutation: You have supernaturally acute eyesight. (SInv) [evolution]
  9080 | D:9      | Killed from afar by Erolcha

Skill      XL: |  1  2  3  4  5  6  7  8  9 10 |
---------------+-------------------------------+-----
Dodging        | 1 2 3 4 5 |  5.8
Armour         | 2 3 4 5 |  5.6
Long Blades    | 2 |  2.3
Invocations    | 3 4 5 6 7 |  7.9
Unarmed Combat | 1 2 3 4 5 6 |  6.0
Fighting       | 4 5 6 |  6.2
Shields        | 1 2 3 4 5 |  5.7
Short Blades   | 1 2 |  2.9

Action                   |  1- 3 |  4- 6 |  7- 9 | 10-12 || total
-------------------------+-------+-------+-------+-------++-------
Melee: Falchion          |    10 |       |       |       ||    10
       Short sword       |    56 |       |       |       ||    56
       Headbutt          |    10 |    12 |    98 |    48 ||   168
       Hand axe          |    32 |   118 |    70 |       ||   220
       Unarmed           |       |    14 |   198 |       ||   212
       Kick              |       |    15 |   147 |    75 ||   237
       Dagger            |       |       |    90 |   173 ||   263
Invok: Depart the Abyss  |     1 |       |       |       ||     1
Evoke: Wand              |       |     1 |     3 |       ||     4
  Use: Scroll            |     7 |     5 |    10 |     4 ||    26
       Potion            |     1 |     4 |     1 |     1 ||     7
 Stab: Distracted        |       |     2 |     4 |     3 ||     9
       Sleeping          |       |       |       |     1 ||     1
  Eat: Chunk             |     1 |     2 |     7 |       ||    10
       Ration            |       |     2 |     2 |     1 ||     5
Armor: Leather armour    |    27 |       |       |       ||    27
       Chain mail        |    15 |    28 |       |       ||    43
       Scale mail        |       |    26 |       |       ||    26
       Skin              |       |     2 |       |       ||     2
       Ring mail         |       |     7 |    85 |    36 ||   128
Dodge: Dodged            |    69 |    60 |   163 |   130 ||   422
Block: Buckler           |       |    21 |   155 |   105 ||   281
       Rpst.: Falchion   |     3 |       |       |       ||     3
